 Dungeon Crawl Stone Soup version 0.28-a0-1202-g1e6f1b2279 (webtiles) character file.

Game seed: 12660098723685461896

3673 Ulas the Covert (level 9, -1/39 HPs)
             Began as a Spriggan Enchanter on Dec 20, 2021.
             Was an Initiate of Dithmenos.
             Slain by a centaur warrior skeleton (8 damage)
             ... on level 8 of the Dungeon.
             The game lasted 00:27:39 (13261 turns).

Ulas the Covert (Spriggan Enchanter)               Turns: 13261, Time: 00:27:40

Health: -1/39      AC:  4    Str:  8    XL:     9   Next: 89%
Magic:  24/24      EV: 17    Int: 16    God:    Dithmenos [......]
Gold:   582        SH:  0    Dex: 16    Spells: 20/28 levels left

rFire   . . .      SeeInvis +   l - +5 dagger (venom)
rCold   + . .      Faith    .   (shield restricted)
rNeg    . . .      Spirit   .   b - +0 robe
rPois   .          Reflect  .   i - +1 hat
rElec   .          Harm     .   q - +0 cloak
rCorr   .          Rampage  .   (gloves unavailable)
Will    +....                   (boots unavailable)
Stlth   +++++.....              c - amulet of the acrobat
HPRegen 0.13/turn               (no ring)
MPRegen 0.19/turn               (no ring)

@: attractive, very quick
A: very small, no large weapons, unfitting armour, see invisible, speed 3,
antennae 1, cold resistance 1
a: Renounce Religion


You were on level 8 of the Dungeon.
You worshipped Dithmenos.
Dithmenos was noncommittal.
You visited 2 branches of the dungeon, and saw 9 of its levels.
You also visited: Sewer.

You collected 582 gold pieces.

Inventory:

Hand Weapons
 k - a +3 dagger
 l - a +5 dagger of venom (weapon)
Missiles
 j - 40 poisoned darts (quivered)
 o - 5 curare-tipped darts
Armour
 b - a +0 robe (worn)
 i - a +1 hat (worn)
 q - a +0 cloak (worn)
Jewellery
 c - an amulet of the acrobat (around neck)
 m - a ring of willpower
Wands
 g - a wand of acid (1)
Scrolls
 f - 6 scrolls of teleportation
 h - a scroll of magic mapping
 r - a scroll of fear
Potions
 e - 7 potions of flight
 p - a potion of lignification


   Skills:
 - Level 1.1 Short Blades
 - Level 2.6 Dodging
 + Level 12.6 Stealth
 + Level 10.4 Spellcasting
 + Level 10.8 Hexes


You had 20 spell levels left.
You knew the following spells:

 Your Spells              Type           Power      Damage    Failure   Level
a - Ensorcelled Hibernat  Hex/Ice        50%        N/A       1%          2
b - Tukima's Dance        Hex            42%        N/A       1%          3
c - Dazzling Flash        Conj/Hex       50%        N/A       2%          3

Your spell library contained the following spells:

 Spells                   Type           Power      Damage    Failure   Level
 Confusing Touch          Hex            42%        N/A       1%          3
 Animate Skeleton         Necr           16%        N/A       9%          1
 Pain                     Necr           32%        1d5       9%          1
 Ozocubu's Armour         Ice            8%         N/A       26%         3
 Vampiric Draining        Necr           8%         2d6       26%         3
 Metabolic Englaciation   Hex/Ice        12%        N/A       26%         5
 Simulacrum               Ice/Necr       4%         N/A       100%        6


Dungeon Overview and Level Annotations

Branches:
Dungeon (8/15)             Temple (1/1) D:7           Sewer (visited)
   Lair: D:8-11

Altars:
Cheibriados
Dithmenos
Elyvilon
Gozag
Hepliaklqana
Makhleb
Nemelex Xobeh
Okawaru
Qazlal
Ru
Trog
Uskayaw
Vehumet
Wu Jian
Xom
Yredelemnul
Zin

Shops:
D:2 (   D:7 (

Annotations:
D:5 3 runed translucent doors, 1994's ghost, amateur NaVM; erthbison's ghost, amateur GrFi; niknal's ghost, novice GrFi
D:7 1 runed translucent door, ChaosChampion's ghost, novice DECj


Innate Abilities, Weirdness & Mutations

You are very small and have problems with some larger weapons.
You are too small for most types of armour.
You have supernaturally acute eyesight. (SInv)
You cover ground extremely quickly. (Speed+++)
You have a pair of small antennae on your head.
Your flesh is cold resistant. (rC+)


Message History

The centaur warrior skeleton is heavily damaged.
The hellwing swoops through the air toward you!
The hellwing hits you. The hellwing misses you.
The centaur warrior zombie completely misses you. x2
Unknown command.
Unknown command.
Unknown command.
You hit the hellwing but do no damage.
The hellwing is heavily wounded.
The centaur warrior zombie barely misses you.
The centaur warrior zombie misses you. The hellwing closely misses you.
The hellwing barely misses you.
The centaur warrior skeleton closely misses you.
The centaur warrior skeleton completely misses you.
Unknown command.
Unknown command.
It was a potion of attraction.
You feel attractive to monsters.
The centaur warrior zombie hits you but does no damage.
The centaur warrior zombie misses you. The hellwing barely misses you. x2
The centaur warrior skeleton hits you.
* * * LOW HITPOINT WARNING * * *
The centaur warrior skeleton closely misses you.
You feel better. The centaur warrior zombie misses you.
The centaur warrior zombie kicks you. The hellwing closely misses you.
The hellwing misses you.
The centaur warrior skeleton barely misses you. x2
The centaur warrior zombie barely misses you.
The centaur warrior zombie misses you. The shadow imp is attracted toward you.
You barely miss the hellwing.
The hellwing is heavily wounded.
The centaur warrior skeleton hits you but does no damage.
The centaur warrior skeleton kicks you. The hellwing hits you!
* * * LOW HITPOINT WARNING * * *
The hellwing closely misses you.
Unknown command.
You barely miss the hellwing.
The hellwing is heavily wounded.
The centaur warrior skeleton hits you!
You die...

.............####.#
....Z.....##..##.##
.8.######.##.....#
##.#._...#
#.Z.....##
##.........#
#.....<...#
#######....###...#
#..4@5Z...## #..#
#.....Z....# #..#
####+##+##+# ..#


You could see a hellwing (corroded), a shadow imp, a centaur warrior zombie
(corroded) and a centaur warrior skeleton (corroded).

Vanquished Creatures
  Pikel (D:6)
  Joseph (D:7)
  Prince Ribbit (D:5)
  Sigmund (D:6)
  2 water moccasins
  A sky beast (D:7)
  2 necrophages
  An ice beast (D:6)
  2 ogres
  3 lemures (D:6)
  2 phantoms
  Blork the orc (D:6)
  A kobold brigand (D:7)
  2 bullfrogs
  A wyvern zombie (D:5)
  2 scorpions
  2 bullfrog zombies (D:5)
  An orc priest (D:6)
  A centaur zombie (D:7)
  Crazy Yiuf (D:6)
  A gnoll shaman (D:7)
  A centaur skeleton (D:7)
  3 hounds
  3 iguanas
  5 orc wizards
  A merfolk siren (Sewer)
  A merfolk avatar (Sewer)
  2 killer bee zombies
  2 hound skeletons
  9 gnolls
  11 adders
  A howler monkey skeleton (D:7)
  3 river rats (Sewer)
  3 white imps
  An ufetubus (D:5)
  An adder skeleton (D:4)
  5 worms (D:2)
  3 dart slugs
  12 orcs
  13 ball pythons
  7 endoplasms
  10 giant cockroaches
  6 goblins
  5 hobgoblins
  8 jackals (D:4)
  10 kobolds
  5 quokkas
  6 bats
  11 frilled lizards
  22 rats
200 creatures vanquished.

Vanquished Creatures (collateral kills)
  An orc warrior (D:7)
  A wight (D:4)
  2 gnoll shamans
  5 gnolls
9 creatures vanquished.

Vanquished Creatures (others)
  4 dancing weapons
  13 withered plants
17 creatures vanquished.

Grand Total: 226 creatures vanquished

Notes
Turn   | Place    | Note
-------+----------+-------------------------------------------
     0 | D:1      | Ulas the Spriggan Enchanter began the quest for the Orb.
     0 | D:1      | Reached XP level 1. HP: 9/9 MP: 5/5
   195 | D:1      | Found a faded altar of an unknown god.
   285 | D:1      | Reached XP level 2. HP: 13/13 MP: 7/7
   288 | D:1      | Learned a level 2 spell: Ensorcelled Hibernation
   774 | D:2      | Found Rauchomm's Antique Weapon Emporium.
  1367 | D:2      | Reached XP level 3. HP: 16/16 MP: 9/9
  1371 | D:2      | Learned a level 3 spell: Tukima's Dance
  1375 | D:2      | Learned a level 3 spell: Dazzling Flash
  2140 | D:2      | Reached XP level 4. HP: 21/21 MP: 8/11
  2456 | D:2      | Reached skill level 5 in Hexes
  2627 | D:3      | Found a stormy altar of Qazlal.
  2685 | D:3      | Found a sparkling altar of Nemelex Xobeh.
  3410 | D:3      | Found an ornate altar of the Wu Jian Council.
  3433 | D:3      | Reached XP level 5. HP: 20/24 MP: 13/13
  3924 | D:4      | Reached skill level 5 in Spellcasting
  4098 | D:4      | Reached skill level 5 in Stealth
  5221 | D:4      | Reached XP level 6. HP: 16/25 MP: 10/15
  5764 | D:4      | Found a shimmering altar of Xom.
  5885 | D:4      | HP: 1/23 [necrophage (3)]
  5912 | D:4      | Reached skill level 6 in Stealth
  6818 | D:5      | Entered Level 5 of the Dungeon
  6836 | D:5      | Found a runed translucent gate.
  6836 | D:5      | Found a runed translucent gate.
  7077 | D:5      | Reached XP level 7. HP: 32/32 MP: 17/17
  7326 | D:5      | Reached skill level 7 in Stealth
  7543 | D:5      | Noticed Prince Ribbit
  7553 | D:5      | Killed Prince Ribbit
  7554 | D:5      | Reached skill level 8 in Stealth
  7697 | D:5      | Reached XP level 8. HP: 33/36 MP: 20/20
  7824 | D:5      | Found a runed translucent gate.
  7830 | D:5      | Noticed 1994's ghost (amateur NaVM)
  7830 | D:5      | Noticed erthbison's ghost (amateur GrFi)
  7831 | D:5      | Noticed niknal's ghost (novice GrFi)
  8876 | D:6      | Reached skill level 9 in Stealth
  8986 | D:6      | Noticed Blork the orc
  9007 | D:6      | Killed Blork the orc
  9258 | D:6      | Found a glowing drain.
  9280 | Sewer    | Entered a sewer
  9670 | Sewer    | Reached skill level 10 in Stealth
  9922 | D:6      | Found a glowing silver altar of Zin.
  9925 | D:6      | Noticed Pikel
  9931 | D:6      | Noticed Sigmund
  9958 | D:6      | Killed Pikel
  9958 | D:6      | Killed Sigmund
  9959 | D:6      | Reached skill level 11 in Stealth
  9959 | D:6      | Reached XP level 9. HP: 8/39 MP: 14/23
 10919 | D:6      | Found a white marble altar of Elyvilon.
 11013 | D:6      | Found a runed translucent door.
 11014 | D:6      | Noticed Crazy Yiuf
 11021 | D:6      | Killed Crazy Yiuf
 11116 | D:7      | Found Wem Piyt's Weapon Shoppe.
 11169 | D:7      | Found a staircase to the Ecumenical Temple.
 11179 | Temple   | Entered the Ecumenical Temple
 11182 | Temple   | Reached skill level 10 in Hexes
 11229 | Temple   | Became a worshipper of Dithmenos the Shadowed
 11560 | D:7      | Found a runed translucent door.
 11563 | D:7      | Noticed ChaosChampion's ghost (novice DECj)
 11810 | D:7      | Gained mutation: Your flesh is cold resistant. (rC+)
                  | [potion of mutation]
 11810 | D:7      | Gained mutation: You have a pair of small antennae on your
                  | head. [potion of mutation]
 11838 | D:7      | Reached skill level 12 in Stealth
 11838 | D:7      | Reached skill level 10 in Spellcasting
 12103 | D:7      | Reached * piety under Dithmenos
 12461 | D:7      | Found a snail-covered altar of Cheibriados.
 12487 | D:7      | Noticed Joseph
 12490 | D:7      | Killed Joseph
 13092 | D:8      | Found a burning altar of Makhleb.
 13092 | D:8      | Noticed a cacodemon
 13147 | D:8      | Noticed a smoke demon
 13228 | D:8      | Found a bloodstained altar of Trog.
 13238 | D:8      | Noticed a hellwing
 13261 | D:8      | Slain by a centaur warrior skeleton

Illustrated notes

Levels and vault maps discovered:
D:1:      lemuel_arrival_river_ford, layout_basic, basic_ecumenical_altar
D:2:      minmay_thinvault, layout_basic, serial_shops, nicolae_lakefront_shop
D:3:      layout_basic, mainiacjoe_overflow_tiny_flanked,
          nicolae_wu_jian_wuxing_cycle, amcnicky_altar_gilded
D:4:      layout_cave_pods, nicolae_overflow_crystal_walls,
          minmay_misc_feat_five
D:5:      layout_loops_corners, gammafunk_ghost_cemetery,
          amcnicky_mini_pool_medium, uniq_prince_ribbit1
D:6:      layout_rooms, overflow_temple_1_default, mainiacjoe_overflow_alcove_2,
          gup_sewer_entry_glass, uniq_sigmund, uniq_crazy_yiuf_cottage,
          uniq_blork_the_orc, uniq_pikel
D:7:      layout_loops_corners, kennysheep_mini, minmay_temple_entry_glass,
          serial_shops, shop, hellmonk_ghost_happy_afterlife, uniq_joseph
D:8:      cheibrodos_grave_circle, layout_layer_cave,
          mainiacjoe_overflow_24_doors, bloody_trog, makhleb_altar_promises_db,
          minmay_starry_boxes
Temple:   compressed_dpeg_circular_temple

Skill      XL: |  1  2  3  4  5  6  7  8  9 |
---------------+----------------------------+-----
Spellcasting   | 3 4 5 6 7 9 10 | 10.4
Hexes          | 4 5 6 7 9 10 | 10.8
Stealth        | 5 6 8 11 12 | 12.6
Short Blades   | |  1.1
Dodging        | |  2.6

Action                   |  1- 3 |  4- 6 |  7- 9 || total
-------------------------+-------+-------+-------++-------
Melee: Dagger            |   113 |   236 |   314 ||   663
 Cast: Ensorcelled Hiber |    23 |    38 |    41 ||   102
       Tukima's Dance    |       |    12 |    13 ||    25
       Dazzling Flash    |       |       |     1 ||     1
Evoke: Wand              |       |     2 |    20 ||    22
  Use: Scroll            |       |    10 |     6 ||    16
       Potion            |       |       |     5 ||     5
 Stab: Sleeping          |    26 |    27 |    38 ||    91
       Invisible         |       |       |     1 ||     1
Armor: Robe              |    10 |    38 |    32 ||    80
Dodge: Dodged            |    79 |   202 |   266 ||   547

Table legend: (Time is in decaauts)
 A = Elapsed time spent in this place.
 B = Non-inter-level travel time spent in this place.
 C = Inter-level travel time spent in this place.
 D = Time resting spent in this place.
 E = Time spent auto-exploring this place.
 F = Levels seen in this place.
 G = Mean time per level.
                   A        B        C        D        E       F      G
               +--------+--------+--------+--------+--------+-----+--------+
         Total |  11044 |  10857 |    187 |   2003 |   7046 |  10 | 1104.4 |
       Dungeon |  10491 |  10324 |    167 |   1964 |   6794 |   8 | 1311.4 |
        Temple |     55 |     35 |     20 |      0 |     25 |   1 |   55.0 |
         Sewer |    497 |    497 |      0 |     39 |    226 |   1 |  497.0 |
               +--------+--------+--------+--------+--------+-----+--------+

Top non-repeatable levels by time:
     D:2: 2344 daAuts
     D:5: 1661 daAuts
     D:4: 1556 daAuts
     D:7: 1482 daAuts
     D:6: 1465 daAuts
     D:3: 1297 daAuts
     D:1: 546 daAuts
   Sewer: 497 daAuts
     D:8: 137 daAuts
  Temple: 55 daAuts
